 Dungeon Crawl Stone Soup version 0.24.0-3-g28a8eb0610 (webtiles) character file.

Game seed: 8682986813329834238, levelgen mode: deterministic

133 Acheron the Skirmisher (level 4, -7/35 HPs)
             Began as a Demonspawn Abyssal Knight on Nov 1, 2019.
             Was a Believer of Lugonu.
             Mangled by a gnoll
             ... wielding a +0 dagger
              (9 damage)
             ... on level 2 of the Dungeon.
             The game lasted 00:09:58 (2567 turns).

Acheron the Skirmisher (Demonspawn Abyssal Knight)  Turns: 2567, Time: 00:09:58

Health: -7/35      AC:  5    Str: 10 (12) XL:     4   Next: 93%
Magic:  6/6        EV: 11    Int: 13 (14) God:    Lugonu [**....]
Gold:   126        SH:  0    Dex: 10 (13) Spells: 3/3 levels left

rFire    . . .     SeeInvis .   a - +2 hand axe
rCold    . . .     Gourm    .   (no shield)
rNeg     . . .     Faith    .   b - +0 leather armour
rPois    .         Spirit   .   (helmet restricted)
rElec    .         Reflect  .   (no cloak)
rCorr    .         Harm     .   (no gloves)
MR       .....                  i - +1 pair of boots
Stlth    +.........             (no amulet)
HPRegen  0.11/turn              (no ring)
MPRegen  0.10/turn              (no ring)

@: lethally poisoned (-7 -> -9), flying
A: horns 2
a: Depart the Abyss, Bend Space, Renounce Religion


You were on level 2 of the Dungeon.
You worshipped Lugonu.
Lugonu was pleased with you.
You were not hungry.

You visited 1 branch of the dungeon, and saw 4 of its levels.
You visited the Abyss 1 time.

You collected 126 gold pieces.

Inventory:

Hand Weapons
 a - a +2 hand axe (weapon)
 e - a +0 short sword
Missiles
 f - 49 stones (quivered)
 h - 7 sling bullets
Armour
 b - a +0 leather armour (worn)
 i - a +1 pair of boots (worn)
Scrolls
 j - a scroll of identify
Potions
 k - a potion of agility
Comestibles
 c - 4 rations
 g - 7 chunks of flesh


   Skills:
 + Level 3.5 Fighting
 + Level 2.5 Axes
 * Level 2.4 Armour
 * Level 1.7 Dodging
 * Level 1.9 Stealth
 * Level 3.2 Invocations


You had 3 spell levels left.
You didn't know any spells.
Your spell library was empty.

Dungeon Overview and Level Annotations

Branches:
Dungeon (4/15)
 Temple: D:4-7

Altars:
Dithmenos

Annotations:
D:2 exclusion: downstairs


Innate Abilities, Weirdness & Mutations

You have a pair of horns on your head.


Message History

You feel sick.
Things that are here:
a chunk of flesh; an adder skeleton
g - 7 chunks of flesh (gained 1)
* * * LOW HITPOINT WARNING * * *
You feel sick.
Found a stone staircase leading up.
* * * LOW HITPOINT WARNING * * *
You feel sick.
* * * LOW HITPOINT WARNING * * *
You feel sick.
You see here 5 gold pieces.
You now have 126 gold pieces (gained 5).
* * * LOW HITPOINT WARNING * * *
You feel sick.
There is a stone staircase leading up here.
You fly upwards.
Level annotation: exclusion: downstairs The gnoll hits you with a +0 dagger!
You die...

#.............# #.#
. #..##########.#
#.# .
##...###...###.#
#.#####.
##.......###.##.#
#.#.....
##.......##
##.#.###.).....
#........#
#....####.##..
##.......#####.#..#
#.##..
#......#.....##..#
#.##..
#.#...##.@.>=##..#
#.##.#
#.##.##.##g##.#..#
#.##.#
#.##.(...........#
#.....
#.##.##.##.##.##.#
####..
#.##.###.#.#.###.#
### #.##.#
##...####.###
###..#.#
##.........#
#......#
#########.#
#.##.### #.#


You could see a gnoll.

Vanquished Creatures
  A gnoll (D:1)
  6 adders
  An ooze (D:2)
  2 worms (D:2)
  4 dart slugs
  A leopard gecko (D:1)
  2 orcs (D:3)
  A ball python (D:2)
  4 giant cockroaches
  4 goblins
  6 hobgoblins
  2 jackals (D:3)
  4 kobolds
  A quokka (D:2)
  4 bats
  2 frilled lizards (D:1)
  5 rats
50 creatures vanquished.

Notes
Turn   | Place    | Note
-------+----------+-------------------------------------------
     0 | Abyss:1  | Acheron the Demonspawn Abyssal Knight began the quest for
                  | the Orb.
     0 | Abyss:1  | Reached XP level 1. HP: 18/18 MP: 2/2
    20 | D:1      | Escaped the Abyss
    36 | D:2      | Reached skill level 1 in Dodging
   173 | D:2      | Gained mutation: You have a pair of small horns on your
                  | head. [demonic ancestry]
   173 | D:2      | Reached XP level 2. HP: 23/24 MP: 3/3
   507 | D:2      | Reached skill level 1 in Stealth
   507 | D:2      | Gained mutation: You have a pair of horns on your head.
                  | [demonic ancestry]
   507 | D:2      | Reached XP level 3. HP: 25/29 MP: 4/4
   700 | D:3      | Found a shadowy altar of Dithmenos.
   755 | D:2      | Reached ** piety under Lugonu
  1813 | D:1      | Reached XP level 4. HP: 35/35 MP: 6/6
  2564 | D:3      | HP: 1/35 [poisoned by an adder]
  2567 | D:2      | Mangled by a gnoll

Levels and vault maps discovered:
D:1:      nzn_arrival_water_spiral, layout_loops_corners
D:2:      layout_loops_ring, first_ration, serial_rivers,
          chequers_serial_rivers_room_a, chequers_serial_rivers_micro_e,
          chequers_serial_rivers_room_b, chequers_serial_rivers_micro_b,
          chequers_serial_rivers_room_a, chequers_serial_rivers_small_b
D:3:      layout_loops_cross, lemuel_round_altar, gammafunk_ghost_stat_death,
          uniq_grinder, uniq_natasha, uniq_jessica
D:4:      layout_rooms, minmay_puff, uniq_blork_the_orc

Skill      XL: |  1  2  3 |
---------------+----------+-----
Dodging        | 1 |  1.7
Axes           | 2 |  2.5
Armour         | 2 |  2.4
Stealth        | 1 |  1.9
Invocations    | 3 |  3.2
Fighting       | |  3.5

Action                   |  1- 3 |  4- 6 || total
-------------------------+-------+-------++-------
Melee: Hand axe          |   102 |    74 ||   176
       Headbutt          |    11 |    11 ||    22
  Use: Scroll            |     4 |     2 ||     6
       Potion            |       |     3 ||     3
 Stab: Sleeping          |     2 |       ||     2
  Eat: Chunk             |     3 |     2 ||     5
Armor: Leather armour    |    27 |    27 ||    54
Dodge: Dodged            |    73 |    46 ||   119
